Login

Bakersfield Condors vs Chicago Wolves

Created - 06 May 2024 at 23:10

Goals
1 2 3 T
Bakersfield Condors 2 1 2 5
Chicago Wolves 0 2 0 2
Shots
1 2 3 T
Bakersfield Condors 10 14 15 39
Chicago Wolves 6 11 3 20

GoalsPenalties
1st period
1. Bakersfield Condors , James Hamblin 12 (Ben Gleason 5, Greg McKegg 9) at 17:49 (PP)
2. Bakersfield Condors , Noah Philp 5 (Noel Hoefenmayer 5, Xavier Bourgault 14) at 18:42
Jamieson Rees (CHI) for Interference (Minor) at 17:35
2nd period
3. Bakersfield Condors , Drake Caggiula 18 (Ty Tullio 1) at 6:34
4. Chicago Wolves , Tuukka Tieksola 12 (Adam Gaudette 2) at 13:08
5. Chicago Wolves , Anton Levtchi 13 (Adam Gaudette 3, Ryan Suzuki 7) at 17:19
Drake Caggiula (BAK) for Interference (Minor) at 9:06
3rd period
6. Bakersfield Condors , Drake Caggiula 19 (Brad Malone 3) at 0:28 (PP)
7. Bakersfield Condors , Raphael Lavoie 12 (Markus Niemelainen 11, Brad Malone 4) at 5:57 (PP)
Jamieson Rees (CHI) for Slashing (Minor) at 0:27
Vasily Ponomarev (CHI) for Goalie Interference (Minor) at 5:52
Noel Hoefenmayer (BAK) for Holding (Minor) at 11:54
Goalie Stats
Calvin Pickard (BAK), 18 saves from 20 shots - (0.900), W, 7-4-2, 60:00 minutes
Kevin Poulin (CHI), 34 saves from 39 shots - (0.872), L, 4-4-0, 60:00 minutes
3 StarsOfficial
1 - Drake Caggiula (BAK)
2 - Noah Philp (BAK)
3 - James Hamblin (BAK)
Referees : Chris Lee and Andrew Wilk
Linesman : Brian Murphy and Glen Cooke
Game Note
No Game Note
Finance
Level 1 -- Attendance: 1947 (97.35%) -- Ticket Income $68,145
Level 2 -- Attendance: 905 (90.50%) -- Ticket Income $13,575
Total Attendance: 2852 (95.07%)
Total Ticket Income: $81,720
Other Income: $40,043
Total Income: $121,763



Team Name Goals Shots Shots Attemp Shots Blocked PIM HIT PP PK FO%
Bakersfield Condors 53970104303 / 3 (100%)070%
Chicago Wolves 2204186280 / 2 (0%)330%

Bakersfield Condors
Player Name POS G A P +/- PIM HIT SHT SB MP PP MP PP SHT PK MP PK SHT FO% FOT GA TA
Ben GleasonD011-1013319:480:1401:3200% 001
Brad MaloneC022-1013018:190:0611:34086% 2800
Cam DineenD0000001125:340:0602:2600% 001
Carter SavoieLW000102008:520:0000:1700% 000
Drake CaggiulaLW2020258022:560:0611:01060% 500
Eric WilliamsD0001000014:380:0000:0000% 001
Greg McKeggC0110024117:530:1410:43071% 701
James HamblinLW1010026119:410:1421:3700% 011
Jeremy McKennaRW000000000:000:0000:0000% 000
Markus NiemelainenD0110051025:340:0612:2600% 002
Noah PhilpLW1010066016:030:0001:0300% 100
Noel HoefenmayerD0111200014:370:0000:0000% 000
Philip KempD000-1001219:480:1401:3200% 001
Raphael LavoieRW101-1022116:360:0610:0000% 110
Seth GriffithRW0000020119:330:1401:41050% 211
Ty TullioRW011100008:250:0000:0000% 001
Xavier BourgaultRW0110024014:000:0000:0000% 010
Zach TsekosC0000000013:430:0000:00044% 900
Chicago Wolves
Player Name POS G A P +/- PIM HIT SHT SB MP PP MP PP SHT PK MP PK SHT FO% FOT GA TA
Adam GaudetteLW0220012016:210:0800:0000% 010
Alexander PashinRW000000000:260:0000:0000% 000
Anton LevtchiLW1010003021:211:4800:0000% 020
Anttoni HonkaD0001000119:041:3700:0000% 000
Austin PoganskiRW0000042018:291:4300:0500% 100
Blake MurrayLW000000000:470:0000:0000% 000
Brendan LemieuxLW0000073120:592:0200:00025% 400
Callahan BurkeRW0000021024:082:0200:20075% 411
Cole ClaytonD0000000014:460:0000:2000% 001
Dylan CoghlanD000-1030126:302:2100:2000% 001
Gabriel CarlssonD000-1021223:482:2100:0000% 001
Griffin MendelD0000000113:520:0000:0000% 000
Jamieson ReesC0000423018:001:4300:00020% 1020
Noel GunlerRW000000106:080:1300:0000% 000
Ronan SeeleyD0001020122:001:3700:0000% 020
Ryan SuzukiC0110001016:060:1300:00050% 800
Tuukka TieksolaRW1010002115:480:0000:0000% 010
Vasily PonomarevC0000251021:042:0200:15023% 2610

Bakersfield Condors

5 vs 5 Forward
Line #Left WingCenterRight WingPHYDFOFWanted %Time %Time Play
1Drake CaggiulaBrad MaloneRaphael Lavoie0234030%16:48
2James HamblinGreg McKeggSeth Griffith1223030%16:46
3Noah PhilpZach TsekosXavier Bourgault1222025%13:43
4Carter SavoieDrake CaggiulaTy Tullio1221015%8:25
5 vs 5 Defense
Line #DefenseDefensePHYDFOFWanted %Time %Time Play
1Markus NiemelainenCam Dineen1224037%20:31
2Philip KempBen Gleason1223032%18:02
3Noel HoefenmayerEric Williams1222026%14:38
4Markus NiemelainenCam Dineen122105%2:31
Power Play Forward
Line #Left WingCenterRight WingPHYDFOFWanted %Time %Time Play
1Drake CaggiulaBrad MaloneRaphael Lavoie1226030%0:06
2James HamblinGreg McKeggSeth Griffith1224070%0:14
Power Play Defense
Line #DefenseDefensePHYDFOFWanted %Time %Time Play
1Markus NiemelainenCam Dineen1226030%0:06
2Philip KempBen Gleason1224070%0:14
Penalty Kill 4 Players Forward
Line #CenterWingPHYDFOFWanted %Time %Time Play
1Seth GriffithDrake Caggiula1226094%3:43
2Greg McKeggJames Hamblin122406%0:15
Penalty Kill 4 Players Defense
Line #DefenseDefensePHYDFOFWanted %Time %Time Play
1Markus NiemelainenCam Dineen1226061%2:26
2Philip KempBen Gleason1224039%1:32
Penalty Kill 3 Players
Line #WingPHYDFOFWanted %Time %Time PlayDefenseDefensePHYDFOFWanted %Time %Time Play
1Drake Caggiula122600%0:00 Markus NiemelainenCam Dineen122600%0:00
2Greg McKegg122400%0:00 Philip KempBen Gleason122400%0:00
4 vs 4 Forward
Line #CenterWingPHYDFOFWanted %Time %Time Play
1Seth GriffithDrake Caggiula122600%0:00
2Greg McKeggJames Hamblin122400%0:00
4 vs 4 Defense
Line #DefensePHYDFOFWanted %Time %Time Play
1Markus NiemelainenCam Dineen122600%0:00
2Philip KempBen Gleason122400%0:00
Last Minutes Offensive
Left WingCenterRight WingDefenseDefense
Drake CaggiulaBrad MaloneRaphael LavoieMarkus NiemelainenCam Dineen
Last Minutes Defensive
Left WingCenterRight WingDefenseDefense
Drake CaggiulaBrad MaloneRaphael LavoieMarkus NiemelainenCam Dineen
Time
Total ForwardTotal DefenseLast Minutes OffensiveLast Minutes Defensive
60:00 60:00 0:000:00
Extra Forwards
Normal PowerPlayPenalty Kill
Seth Griffith, Noah Philp, Xavier BourgaultSeth Griffith, Noah PhilpSeth Griffith
Extra Defensemen
Normal PowerPlayPenalty Kill
Ben Gleason, Noel Hoefenmayer, Eric WilliamsBen Gleason, Ben GleasonNoel Hoefenmayer
Penalty Shots
Greg McKegg, Drake Caggiula, James Hamblin, Raphael Lavoie, Seth Griffith
Goalie
Calvin Pickard, Olivier Rodrigue
Custom OT Lines Forwards
Brad Malone, Drake Caggiula, James Hamblin, Raphael Lavoie, Seth Griffith, Noah Philp, Xavier Bourgault, Greg McKegg, Ty Tullio, Jeremy McKenna
Custom OT Lines Defensemen
Markus Niemelainen, Cam Dineen, Philip Kemp, Ben Gleason, Noel Hoefenmayer
Scratches
Carl Berglund (Healthy), Kyle Mayhew (Healthy), Ryan Fanti (Healthy)

Chicago Wolves

5 vs 5 Forward
Line #Left WingCenterRight WingPHYDFOFWanted %Time %Time Play
1Brendan LemieuxVasily PonomarevCallahan Burke1224033%18:12
2Anton LevtchiJamieson ReesAustin Poganski1223029%16:18
3Adam GaudetteRyan SuzukiTuukka Tieksola1222028%15:40
4Anton LevtchiCallahan BurkeNoel Gunler1221010%5:32
5 vs 5 Defense
Line #DefenseDefensePHYDFOFWanted %Time %Time Play
1Dylan CoghlanGabriel Carlsson1224037%20:43
2Anttoni HonkaRonan Seeley1223031%17:27
3Cole ClaytonGriffin Mendel1222025%13:52
4Dylan CoghlanRonan Seeley122107%3:40
Power Play Forward
Line #Left WingCenterRight WingPHYDFOFWanted %Time %Time Play
1Brendan LemieuxVasily PonomarevCallahan Burke1226055%2:10
2Anton LevtchiJamieson ReesAustin Poganski1224045%1:48
Power Play Defense
Line #DefenseDefensePHYDFOFWanted %Time %Time Play
1Dylan CoghlanGabriel Carlsson1226059%2:21
2Anttoni HonkaRonan Seeley1224041%1:37
Penalty Kill 4 Players Forward
Line #CenterWingPHYDFOFWanted %Time %Time Play
1Vasily PonomarevCallahan Burke12260100%0:20
2Jamieson ReesAnton Levtchi122400%0:00
Penalty Kill 4 Players Defense
Line #DefenseDefensePHYDFOFWanted %Time %Time Play
1Dylan CoghlanCole Clayton12260100%0:20
2Anttoni HonkaRonan Seeley122400%0:00
Penalty Kill 3 Players
Line #WingPHYDFOFWanted %Time %Time PlayDefenseDefensePHYDFOFWanted %Time %Time Play
1Vasily Ponomarev122600%0:00 Dylan CoghlanCole Clayton122600%0:00
2Jamieson Rees122400%0:00 Anttoni HonkaRonan Seeley122400%0:00
4 vs 4 Forward
Line #CenterWingPHYDFOFWanted %Time %Time Play
1Vasily PonomarevAustin Poganski122600%0:00
2Jamieson ReesAnton Levtchi122400%0:00
4 vs 4 Defense
Line #DefensePHYDFOFWanted %Time %Time Play
1Dylan CoghlanGabriel Carlsson122600%0:00
2Anttoni HonkaRonan Seeley122400%0:00
Last Minutes Offensive
Left WingCenterRight WingDefenseDefense
Brendan LemieuxVasily PonomarevCallahan BurkeDylan CoghlanGabriel Carlsson
Last Minutes Defensive
Left WingCenterRight WingDefenseDefense
Brendan LemieuxVasily PonomarevCallahan BurkeDylan CoghlanGabriel Carlsson
Time
Total ForwardTotal DefenseLast Minutes OffensiveLast Minutes Defensive
60:00 60:00 0:000:00
Extra Forwards
Normal PowerPlayPenalty Kill
Austin Poganski, Jamieson Rees, Tuukka TieksolaAustin Poganski, Jamieson ReesAustin Poganski
Extra Defensemen
Normal PowerPlayPenalty Kill
Ronan Seeley, Cole Clayton, Dylan CoghlanRonan Seeley, Ronan SeeleyCole Clayton
Penalty Shots
Jamieson Rees, Callahan Burke, Anton Levtchi, Vasily Ponomarev, Austin Poganski
Goalie
Kevin Poulin, Dylan Wells
Custom OT Lines Forwards
Brendan Lemieux, Callahan Burke, Anton Levtchi, Vasily Ponomarev, Austin Poganski, Jamieson Rees, Tuukka Tieksola, Ryan Suzuki, Noel Gunler, Adam Gaudette
Custom OT Lines Defensemen
Dylan Coghlan, Gabriel Carlsson, Anttoni Honka, Ronan Seeley, Cole Clayton
Scratches
Liam Kirk (Healthy), Ville Koivunen (Healthy), Simon Kubicek (Healthy), Jussi Olkinuora (Healthy)


Play-by-Play

1st period


0:01 of 1st period - Brad Malone wins face-off versus Vasily Ponomarev in neutral zone.
0:06 of 1st period - Slapshot by Drake Caggiula.
0:06 of 1st period - Shot Misses the Net.
0:26 of 1st period - James Hamblin is hit by Jamieson Rees and loses puck.
0:31 of 1st period - Wrist shot by Anton Levtchi.
0:31 of 1st period - Shot Misses the Net.
0:37 of 1st period - Wrist shot by Jamieson Rees.
0:37 of 1st period - Stopped by Calvin Pickard without a rebound.
0:38 of 1st period - Ryan Suzuki wins face-off versus Zach Tsekos in Bakersfield Condors zone.
0:45 of 1st period - Snap shot by Ryan Suzuki.
0:45 of 1st period - Stopped by Calvin Pickard with a rebound.
1:08 of 1st period - Wrist shot by Anton Levtchi.
1:08 of 1st period - Stopped by Calvin Pickard with a rebound.
1:10 of 1st period - Snap shot by Anton Levtchi.
1:10 of 1st period - Deflect By Callahan Burke.
1:10 of 1st period - Shot Misses the Net.
1:10 of 1st period - Puck is out of play.
1:11 of 1st period - Brad Malone wins face-off versus Jamieson Rees in Bakersfield Condors zone.
2:30 of 1st period - Icing by Anton Levtchi.
2:31 of 1st period - Callahan Burke wins face-off versus Greg McKegg in Chicago Wolves zone.
3:42 of 1st period - Wrist shot by Anton Levtchi.
3:42 of 1st period - Shot Blocked by Philip Kemp.
3:44 of 1st period - Slapshot by Gabriel Carlsson.
3:44 of 1st period - Deflect By James Hamblin.
3:44 of 1st period - Stopped by Calvin Pickard without a rebound.
3:45 of 1st period - Brad Malone wins face-off versus Ryan Suzuki in Bakersfield Condors zone.
4:17 of 1st period - Wrist shot by Xavier Bourgault.
4:17 of 1st period - Shot Misses the Net.
4:31 of 1st period - Snap shot by Drake Caggiula.
4:31 of 1st period - Shot Misses the Net.
5:49 of 1st period - Austin Poganski is hit by Raphael Lavoie and loses puck.
6:08 of 1st period - Ben Gleason is hit by Vasily Ponomarev and loses puck.
6:37 of 1st period - Gabriel Carlsson is hit by Drake Caggiula.
6:41 of 1st period - Callahan Burke is hit by Drake Caggiula and loses puck.
7:29 of 1st period - Icing by James Hamblin.
7:30 of 1st period - Callahan Burke wins face-off versus Brad Malone in Bakersfield Condors zone.
7:38 of 1st period - Icing by Brad Malone.
7:39 of 1st period - Zach Tsekos wins face-off versus Vasily Ponomarev in Bakersfield Condors zone.
7:43 of 1st period - Off-side.
7:44 of 1st period - Vasily Ponomarev wins face-off versus Zach Tsekos in neutral zone.
7:55 of 1st period - Dylan Coghlan is hit by Markus Niemelainen and loses puck.
8:08 of 1st period - Callahan Burke is hit by Xavier Bourgault and loses puck.
8:17 of 1st period - Slapshot by Xavier Bourgault.
8:17 of 1st period - Shot Blocked by Brendan Lemieux.
8:19 of 1st period - Snap shot by Xavier Bourgault.
8:19 of 1st period - Stopped by Kevin Poulin without a rebound.
8:20 of 1st period - Brad Malone wins face-off versus Jamieson Rees in Chicago Wolves zone.
8:23 of 1st period - Wrist shot by Drake Caggiula.
8:23 of 1st period - Shot Misses the Net.
8:25 of 1st period - Snap shot by Brad Malone.
8:25 of 1st period - Stopped by Kevin Poulin without a rebound.
8:26 of 1st period - Brad Malone wins face-off versus Jamieson Rees in Chicago Wolves zone.
8:35 of 1st period - Wrist shot by Brad Malone.
8:35 of 1st period - Shot Misses the Net.
8:56 of 1st period - Philip Kemp is hit by Brendan Lemieux and loses puck.
9:38 of 1st period - Snap shot by Brad Malone.
9:38 of 1st period - Shot Blocked by Gabriel Carlsson.
9:50 of 1st period - Snap shot by Adam Gaudette.
9:50 of 1st period - Stopped by Calvin Pickard with a rebound.
10:16 of 1st period - Wrist shot by Noah Philp.
10:16 of 1st period - Stopped by Kevin Poulin with a rebound.
10:18 of 1st period - Snap shot by Noah Philp.
10:18 of 1st period - Shot Misses the Net.
11:26 of 1st period - Anton Levtchi is hit by Noah Philp and loses puck.
12:04 of 1st period - Brendan Lemieux is hit by Seth Griffith and loses puck.
12:27 of 1st period - Austin Poganski is hit by Markus Niemelainen and loses puck.
12:38 of 1st period - Dylan Coghlan is hit by Seth Griffith and loses puck.
13:27 of 1st period - Ryan Suzuki is hit by Raphael Lavoie.
13:55 of 1st period - Ty Tullio is hit by Brendan Lemieux and loses puck.
14:08 of 1st period - Callahan Burke is hit by Noah Philp.
14:35 of 1st period - James Hamblin is hit by Austin Poganski and loses puck.
15:15 of 1st period - Brendan Lemieux is hit by Brad Malone and loses puck.
15:53 of 1st period - Wrist shot by Noah Philp.
15:53 of 1st period - Stopped by Kevin Poulin without a rebound.
15:54 of 1st period - Jamieson Rees wins face-off versus Zach Tsekos in Chicago Wolves zone.
15:59 of 1st period - Zach Tsekos is hit by Gabriel Carlsson.
16:24 of 1st period - Ronan Seeley is hit by Drake Caggiula and loses puck.
16:52 of 1st period - Callahan Burke is hit by Markus Niemelainen and loses puck.
17:13 of 1st period - Raphael Lavoie is hit by Adam Gaudette and loses puck.
17:35 of 1st period - Minor Penalty to Jamieson Rees for Interference.
17:36 of 1st period - Greg McKegg wins face-off versus Vasily Ponomarev in Chicago Wolves zone.
17:39 of 1st period - Snap shot by James Hamblin.
17:39 of 1st period - Shot Misses the Net.
17:41 of 1st period - Snap shot by James Hamblin.
17:41 of 1st period - Shot Misses the Net.
17:43 of 1st period - Wrist shot by Greg McKegg.
17:43 of 1st period - Stopped by Kevin Poulin with a rebound.
17:45 of 1st period - Snap shot by James Hamblin.
17:45 of 1st period - Stopped by Kevin Poulin with a rebound.
17:47 of 1st period - Snap shot by Ben Gleason.
17:47 of 1st period - Shot Misses the Net.
17:49 of 1st period - Wrist shot by James Hamblin.
17:49 of 1st period - Goal by James Hamblin - Bakersfield Condors : 1 - Chicago Wolves : 0.
17:50 of 1st period - Callahan Burke wins face-off versus Brad Malone in neutral zone.
17:55 of 1st period - Markus Niemelainen is hit by Brendan Lemieux and loses puck.
18:20 of 1st period - Wrist shot by Anton Levtchi.
18:20 of 1st period - Shot Misses the Net.
18:22 of 1st period - Wrist shot by Austin Poganski.
18:22 of 1st period - Shot Misses the Net.
18:36 of 1st period - Snap shot by Noah Philp.
18:36 of 1st period - Deflect By Xavier Bourgault.
18:36 of 1st period - Stopped by Kevin Poulin with a rebound.
18:38 of 1st period - Wrist shot by Noah Philp.
18:38 of 1st period - Shot Misses the Net.
18:40 of 1st period - Slapshot by Noel Hoefenmayer.
18:40 of 1st period - Deflect By Noah Philp.
18:40 of 1st period - Stopped by Kevin Poulin with a rebound.
18:42 of 1st period - Wrist shot by Noah Philp.
18:42 of 1st period - Goal by Noah Philp - Bakersfield Condors : 2 - Chicago Wolves : 0.
18:43 of 1st period - Brad Malone wins face-off versus Vasily Ponomarev in neutral zone.
19:08 of 1st period - Markus Niemelainen is hit by Austin Poganski and loses puck.
19:13 of 1st period - Snap shot by Jamieson Rees.
19:13 of 1st period - Stopped by Calvin Pickard without a rebound.
19:14 of 1st period - Brad Malone wins face-off versus Jamieson Rees in Bakersfield Condors zone.
19:16 of 1st period - Icing by Raphael Lavoie.
19:17 of 1st period - Brad Malone wins face-off versus Vasily Ponomarev in Bakersfield Condors zone.
19:22 of 1st period - Wrist shot by Drake Caggiula.
19:22 of 1st period - Shot Misses the Net.
Goals for this period are 2 for Bakersfield Condors vs 0 for Chicago Wolves.
Shots for this period are 10 for Bakersfield Condors vs 6 for Chicago Wolves.

2nd period


0:01 of 2nd period - Vasily Ponomarev wins face-off versus Brad Malone in neutral zone.
0:03 of 2nd period - Off-side.
0:04 of 2nd period - Brad Malone wins face-off versus Brendan Lemieux in neutral zone.
0:07 of 2nd period - Snap shot by Drake Caggiula.
0:07 of 2nd period - Stopped by Kevin Poulin with a rebound.
0:10 of 2nd period - Icing by Gabriel Carlsson.
0:11 of 2nd period - Brendan Lemieux wins face-off versus Brad Malone in Chicago Wolves zone.
0:16 of 2nd period - Snap shot by Drake Caggiula.
0:16 of 2nd period - Stopped by Kevin Poulin without a rebound.
0:17 of 2nd period - Brad Malone wins face-off versus Vasily Ponomarev in Chicago Wolves zone.
1:43 of 2nd period - Wrist shot by Austin Poganski.
1:43 of 2nd period - Stopped by Calvin Pickard with a rebound.
2:30 of 2nd period - Slapshot by James Hamblin.
2:30 of 2nd period - Stopped by Kevin Poulin with a rebound.
2:33 of 2nd period - Icing by Tuukka Tieksola.
2:34 of 2nd period - Greg McKegg wins face-off versus Ryan Suzuki in Chicago Wolves zone.
2:43 of 2nd period - Wrist shot by Adam Gaudette.
2:43 of 2nd period - Shot Misses the Net.
2:53 of 2nd period - Slapshot by Anton Levtchi.
2:53 of 2nd period - Stopped by Calvin Pickard without a rebound.
2:54 of 2nd period - Brad Malone wins face-off versus Jamieson Rees in Bakersfield Condors zone.
3:01 of 2nd period - Austin Poganski is hit by Drake Caggiula and loses puck.
3:25 of 2nd period - Snap shot by Anton Levtchi.
3:25 of 2nd period - Deflect By Jamieson Rees.
3:25 of 2nd period - Shot Blocked by Raphael Lavoie.
3:25 of 2nd period - Puck is out of play.
3:26 of 2nd period - Greg McKegg wins face-off versus Vasily Ponomarev in Bakersfield Condors zone.
3:26 of 2nd period - Greg McKegg is hit by Callahan Burke.
3:40 of 2nd period - Slapshot by James Hamblin.
3:40 of 2nd period - Stopped by Kevin Poulin with a rebound.
4:53 of 2nd period - Snap shot by Anton Levtchi.
4:53 of 2nd period - Shot Blocked by Ben Gleason.
4:55 of 2nd period - Snap shot by Noel Gunler.
4:55 of 2nd period - Stopped by Calvin Pickard with a rebound.
5:09 of 2nd period - Snap shot by Drake Caggiula.
5:09 of 2nd period - Stopped by Kevin Poulin with a rebound.
5:31 of 2nd period - Ronan Seeley is hit by Noah Philp and loses puck.
6:34 of 2nd period - Wrist shot by Drake Caggiula.
6:34 of 2nd period - Goal by Drake Caggiula - Bakersfield Condors : 3 - Chicago Wolves : 0.
6:35 of 2nd period - Brad Malone wins face-off versus Vasily Ponomarev in neutral zone.
6:49 of 2nd period - Slapshot by Brad Malone.
6:49 of 2nd period - Shot Hit the Post.
6:51 of 2nd period - Wrist shot by Brad Malone.
6:51 of 2nd period - Stopped by Kevin Poulin with a rebound.
7:08 of 2nd period - Backhand shot by Jamieson Rees.
7:08 of 2nd period - Shot Blocked by James Hamblin.
7:10 of 2nd period - Slapshot by Dylan Coghlan.
7:10 of 2nd period - Shot Blocked by Ben Gleason.
7:29 of 2nd period - Slapshot by Griffin Mendel.
7:29 of 2nd period - Shot Blocked by Greg McKegg.
7:31 of 2nd period - Snap shot by Tuukka Tieksola.
7:31 of 2nd period - Shot Misses the Net.
7:33 of 2nd period - Wrist shot by Adam Gaudette.
7:33 of 2nd period - Stopped by Calvin Pickard without a rebound.
7:34 of 2nd period - Brad Malone wins face-off versus Vasily Ponomarev in Bakersfield Condors zone.
7:36 of 2nd period - Icing by Drake Caggiula.
7:37 of 2nd period - Brad Malone wins face-off versus Vasily Ponomarev in Bakersfield Condors zone.
9:06 of 2nd period - Minor Penalty to Drake Caggiula for Interference.
9:07 of 2nd period - Vasily Ponomarev wins face-off versus Seth Griffith in Bakersfield Condors zone.
10:35 of 2nd period - Markus Niemelainen is hit by Brendan Lemieux and loses puck.
11:04 of 2nd period - Ronan Seeley is hit by Greg McKegg and loses puck.
11:06 of 2nd period - Penalty to Drake Caggiula is over, Drake Caggiula is back on ice.
11:15 of 2nd period - Snap shot by Cam Dineen.
11:15 of 2nd period - Deflect By Drake Caggiula.
11:15 of 2nd period - Stopped by Kevin Poulin without a rebound.
11:16 of 2nd period - Drake Caggiula wins face-off versus Ryan Suzuki in Chicago Wolves zone.
11:22 of 2nd period - Wrist shot by Drake Caggiula.
11:22 of 2nd period - Shot Blocked by Griffin Mendel.
11:24 of 2nd period - Backhand shot by Ben Gleason.
11:24 of 2nd period - Stopped by Kevin Poulin with a rebound.
11:26 of 2nd period - Backhand shot by Drake Caggiula.
11:26 of 2nd period - Shot Hit the Post.
12:07 of 2nd period - Ty Tullio is hit by Austin Poganski and loses puck.
12:18 of 2nd period - Vasily Ponomarev is hit by Drake Caggiula and loses puck.
12:43 of 2nd period - Snap shot by Jamieson Rees.
12:43 of 2nd period - Deflect By Anton Levtchi.
12:43 of 2nd period - Shot Blocked by Ben Gleason.
12:43 of 2nd period - Puck is out of play.
12:44 of 2nd period - Zach Tsekos wins face-off versus Jamieson Rees in Bakersfield Condors zone.
12:51 of 2nd period - Wrist shot by Jamieson Rees.
12:51 of 2nd period - Stopped by Calvin Pickard with a rebound.
12:53 of 2nd period - Wrist shot by Austin Poganski.
12:53 of 2nd period - Stopped by Calvin Pickard with a rebound.
13:06 of 2nd period - Wrist shot by Tuukka Tieksola.
13:06 of 2nd period - Shot Misses the Net.
13:08 of 2nd period - Backhand shot by Tuukka Tieksola.
13:08 of 2nd period - Goal by Tuukka Tieksola - Bakersfield Condors : 3 - Chicago Wolves : 1.
13:09 of 2nd period - Brad Malone wins face-off versus Vasily Ponomarev in neutral zone.
13:57 of 2nd period - Slapshot by Noah Philp.
13:57 of 2nd period - Stopped by Kevin Poulin with a rebound.
14:36 of 2nd period - Jamieson Rees is hit by Noah Philp and loses puck.
14:53 of 2nd period - Snap shot by Tuukka Tieksola.
14:53 of 2nd period - Stopped by Calvin Pickard with a rebound.
17:03 of 2nd period - Anttoni Honka is hit by James Hamblin and loses puck.
17:13 of 2nd period - Icing by Adam Gaudette.
17:14 of 2nd period - Ryan Suzuki wins face-off versus Zach Tsekos in Chicago Wolves zone.
17:19 of 2nd period - Snap shot by Anton Levtchi.
17:19 of 2nd period - Goal by Anton Levtchi - Bakersfield Condors : 3 - Chicago Wolves : 2.
17:20 of 2nd period - Brad Malone wins face-off versus Vasily Ponomarev in neutral zone.
17:29 of 2nd period - Wrist shot by Brendan Lemieux.
17:29 of 2nd period - Stopped by Calvin Pickard with a rebound.
17:31 of 2nd period - Slapshot by Callahan Burke.
17:31 of 2nd period - Stopped by Calvin Pickard without a rebound.
17:32 of 2nd period - Drake Caggiula wins face-off versus Brendan Lemieux in Bakersfield Condors zone.
17:38 of 2nd period - Off-side.
17:39 of 2nd period - Vasily Ponomarev wins face-off versus Raphael Lavoie in neutral zone.
17:42 of 2nd period - Markus Niemelainen is hit by Brendan Lemieux and loses puck.
17:49 of 2nd period - Brendan Lemieux is hit by Markus Niemelainen and loses puck.
18:04 of 2nd period - Wrist shot by Gabriel Carlsson.
18:04 of 2nd period - Shot Blocked by Seth Griffith.
19:01 of 2nd period - Ben Gleason is hit by Dylan Coghlan and loses puck.
19:11 of 2nd period - Slapshot by Drake Caggiula.
19:11 of 2nd period - Stopped by Kevin Poulin with a rebound.
19:13 of 2nd period - Wrist shot by Carter Savoie.
19:13 of 2nd period - Shot Blocked by Dylan Coghlan.
19:15 of 2nd period - Slapshot by Ben Gleason.
19:15 of 2nd period - Stopped by Kevin Poulin with a rebound.
19:17 of 2nd period - Wrist shot by Ben Gleason.
19:17 of 2nd period - Stopped by Kevin Poulin with a rebound.
19:19 of 2nd period - Snap shot by Ty Tullio.
19:19 of 2nd period - Shot Misses the Net.
19:21 of 2nd period - Slapshot by Philip Kemp.
19:21 of 2nd period - Stopped by Kevin Poulin with a rebound.
19:23 of 2nd period - Snap shot by Drake Caggiula.
19:23 of 2nd period - Shot Blocked by Gabriel Carlsson.
Goals for this period are 1 for Bakersfield Condors vs 2 for Chicago Wolves.
Shots for this period are 14 for Bakersfield Condors vs 11 for Chicago Wolves.

3rd period


0:01 of 3rd period - Brad Malone wins face-off versus Vasily Ponomarev in neutral zone.
0:08 of 3rd period - Brad Malone is hit by Brendan Lemieux and loses puck.
0:17 of 3rd period - Raphael Lavoie is hit by Vasily Ponomarev and loses puck.
0:27 of 3rd period - Minor Penalty to Jamieson Rees for Slashing.
0:28 of 3rd period - Brad Malone wins face-off versus Vasily Ponomarev in Chicago Wolves zone.
0:28 of 3rd period - Snap shot by Drake Caggiula.
0:28 of 3rd period - Goal by Drake Caggiula - Bakersfield Condors : 4 - Chicago Wolves : 2.
0:29 of 3rd period - Brad Malone wins face-off versus Vasily Ponomarev in neutral zone.
1:06 of 3rd period - Xavier Bourgault is hit by Callahan Burke and loses puck.
1:43 of 3rd period - Tuukka Tieksola is hit by Carter Savoie and loses puck.
2:00 of 3rd period - Wrist shot by Xavier Bourgault.
2:00 of 3rd period - Stopped by Kevin Poulin without a rebound.
2:01 of 3rd period - Zach Tsekos wins face-off versus Jamieson Rees in Chicago Wolves zone.
2:01 of 3rd period - Cam Dineen is hit by Gabriel Carlsson and loses puck.
2:11 of 3rd period - Slapshot by Dylan Coghlan.
2:11 of 3rd period - Deflect By Jamieson Rees.
2:11 of 3rd period - Shot Misses the Net.
2:11 of 3rd period - Puck is out of play.
2:12 of 3rd period - Brad Malone wins face-off versus Vasily Ponomarev in Bakersfield Condors zone.
2:12 of 3rd period - Brad Malone is hit by Brendan Lemieux.
2:22 of 3rd period - Snap shot by Raphael Lavoie.
2:22 of 3rd period - Deflect By Drake Caggiula.
2:22 of 3rd period - Stopped by Kevin Poulin with a rebound.
2:42 of 3rd period - Austin Poganski is hit by James Hamblin and loses puck.
3:03 of 3rd period - Slapshot by Ryan Suzuki.
3:03 of 3rd period - Shot Misses the Net.
4:20 of 3rd period - Off-side.
4:21 of 3rd period - Jamieson Rees wins face-off versus Drake Caggiula in neutral zone.
4:40 of 3rd period - Cam Dineen is hit by Vasily Ponomarev and loses puck.
5:05 of 3rd period - Ryan Suzuki is hit by Markus Niemelainen and loses puck.
5:27 of 3rd period - Off-side.
5:28 of 3rd period - Greg McKegg wins face-off versus Brendan Lemieux in neutral zone.
5:31 of 3rd period - Slapshot by James Hamblin.
5:31 of 3rd period - Stopped by Kevin Poulin without a rebound.
5:32 of 3rd period - Greg McKegg wins face-off versus Vasily Ponomarev in Chicago Wolves zone.
5:35 of 3rd period - Slapshot by James Hamblin.
5:35 of 3rd period - Shot Misses the Net.
5:37 of 3rd period - Slapshot by Ben Gleason.
5:37 of 3rd period - Shot Misses the Net.
5:39 of 3rd period - Snap shot by Greg McKegg.
5:39 of 3rd period - Stopped by Kevin Poulin with a rebound.
5:41 of 3rd period - Snap shot by Greg McKegg.
5:41 of 3rd period - Stopped by Kevin Poulin without a rebound.
5:42 of 3rd period - Brad Malone wins face-off versus Vasily Ponomarev in Chicago Wolves zone.
5:45 of 3rd period - Backhand shot by Drake Caggiula.
5:45 of 3rd period - Shot Misses the Net.
5:47 of 3rd period - Slapshot by Raphael Lavoie.
5:47 of 3rd period - Stopped by Kevin Poulin with a rebound.
5:52 of 3rd period - Minor Penalty to Vasily Ponomarev for Goalie Interference.
5:53 of 3rd period - Drake Caggiula wins face-off versus Austin Poganski in Chicago Wolves zone.
5:53 of 3rd period - Wrist shot by Brad Malone.
5:53 of 3rd period - Stopped by Kevin Poulin with a rebound.
5:55 of 3rd period - Snap shot by Markus Niemelainen.
5:55 of 3rd period - Stopped by Kevin Poulin with a rebound.
5:57 of 3rd period - Wrist shot by Raphael Lavoie.
5:57 of 3rd period - Goal by Raphael Lavoie - Bakersfield Condors : 5 - Chicago Wolves : 2.
5:58 of 3rd period - Brad Malone wins face-off versus Vasily Ponomarev in neutral zone.
6:23 of 3rd period - Brendan Lemieux is hit by Noah Philp and loses puck.
6:28 of 3rd period - Wrist shot by Xavier Bourgault.
6:28 of 3rd period - Shot Misses the Net.
6:30 of 3rd period - Snap shot by Ben Gleason.
6:30 of 3rd period - Deflect By Noah Philp.
6:30 of 3rd period - Shot Misses the Net.
6:30 of 3rd period - Puck is out of play.
6:31 of 3rd period - Brad Malone wins face-off versus Jamieson Rees in Chicago Wolves zone.
7:19 of 3rd period - Brendan Lemieux is hit by Xavier Bourgault and loses puck.
8:08 of 3rd period - Drake Caggiula is hit by Dylan Coghlan.
9:05 of 3rd period - Icing by Philip Kemp.
9:06 of 3rd period - Zach Tsekos wins face-off versus Callahan Burke in Bakersfield Condors zone.
9:11 of 3rd period - Wrist shot by Vasily Ponomarev.
9:11 of 3rd period - Stopped by Calvin Pickard with a rebound.
9:13 of 3rd period - Slapshot by Griffin Mendel.
9:13 of 3rd period - Shot Blocked by Philip Kemp.
9:29 of 3rd period - Adam Gaudette is hit by Greg McKegg.
9:48 of 3rd period - Snap shot by Brad Malone.
9:48 of 3rd period - Shot Misses the Net.
10:06 of 3rd period - Jamieson Rees is hit by Noah Philp.
10:20 of 3rd period - Snap shot by Brendan Lemieux.
10:20 of 3rd period - Stopped by Calvin Pickard without a rebound.
10:21 of 3rd period - Seth Griffith wins face-off versus Ryan Suzuki in Bakersfield Condors zone.
11:00 of 3rd period - Snap shot by Markus Niemelainen.
11:00 of 3rd period - Shot Blocked by Tuukka Tieksola.
11:02 of 3rd period - Slapshot by Cam Dineen.
11:02 of 3rd period - Deflect By Adam Gaudette.
11:02 of 3rd period - Stopped by Kevin Poulin with a rebound.
11:21 of 3rd period - Snap shot by Seth Griffith.
11:21 of 3rd period - Shot Misses the Net.
11:23 of 3rd period - Snap shot by James Hamblin.
11:23 of 3rd period - Stopped by Kevin Poulin with a rebound.
11:25 of 3rd period - Snap shot by Seth Griffith.
11:25 of 3rd period - Shot Blocked by Ronan Seeley.
11:27 of 3rd period - Snap shot by Philip Kemp.
11:27 of 3rd period - Shot Blocked by Anttoni Honka.
11:29 of 3rd period - Wrist shot by Greg McKegg.
11:29 of 3rd period - Stopped by Kevin Poulin with a rebound.
11:31 of 3rd period - Wrist shot by Greg McKegg.
11:31 of 3rd period - Deflect By James Hamblin.
11:31 of 3rd period - Shot Misses the Net.
11:31 of 3rd period - Puck is out of play.
11:32 of 3rd period - Brad Malone wins face-off versus Vasily Ponomarev in Chicago Wolves zone.
11:54 of 3rd period - Minor Penalty to Noel Hoefenmayer for Holding.
11:55 of 3rd period - Vasily Ponomarev wins face-off versus Drake Caggiula in Bakersfield Condors zone.
12:22 of 3rd period - Seth Griffith is hit by Austin Poganski and loses puck.
13:19 of 3rd period - Ben Gleason is hit by Vasily Ponomarev and loses puck.
13:54 of 3rd period - Penalty to Noel Hoefenmayer is over, Noel Hoefenmayer is back on ice.
14:01 of 3rd period - Snap shot by Xavier Bourgault.
14:01 of 3rd period - Stopped by Kevin Poulin without a rebound.
14:02 of 3rd period - Ryan Suzuki wins face-off versus Zach Tsekos in Chicago Wolves zone.
14:43 of 3rd period - Noel Hoefenmayer is hit by Vasily Ponomarev and loses puck.
15:04 of 3rd period - Xavier Bourgault is hit by Ronan Seeley and loses puck.
15:35 of 3rd period - Snap shot by Noah Philp.
15:35 of 3rd period - Stopped by Kevin Poulin without a rebound.
15:36 of 3rd period - Ryan Suzuki wins face-off versus Noah Philp in Chicago Wolves zone.
15:41 of 3rd period - Griffin Mendel is hit by Carter Savoie.
15:49 of 3rd period - Wrist shot by Ty Tullio.
15:49 of 3rd period - Shot Misses the Net.
15:59 of 3rd period - Greg McKegg is hit by Jamieson Rees.
16:03 of 3rd period - Cam Dineen is hit by Ronan Seeley and loses puck.
16:53 of 3rd period - Snap shot by Anton Levtchi.
16:53 of 3rd period - Shot Misses the Net.
16:55 of 3rd period - Snap shot by Austin Poganski.
16:55 of 3rd period - Shot Blocked by Cam Dineen.
17:02 of 3rd period - Icing by Markus Niemelainen.
17:03 of 3rd period - Vasily Ponomarev wins face-off versus Greg McKegg in Bakersfield Condors zone.
17:14 of 3rd period - Wrist shot by Brendan Lemieux.
17:14 of 3rd period - Stopped by Calvin Pickard with a rebound.
17:52 of 3rd period - Philip Kemp is hit by Dylan Coghlan and loses puck.
18:05 of 3rd period - Brendan Lemieux is hit by Ben Gleason and loses puck.
19:00 of 3rd period - Snap shot by Jamieson Rees.
19:00 of 3rd period - Shot Misses the Net.
Goals for this period are 2 for Bakersfield Condors vs 0 for Chicago Wolves.
Shots for this period are 15 for Bakersfield Condors vs 3 for Chicago Wolves.